 Dungeon Crawl Stone Soup version 0.23.2 (webtiles) character file.

Game seed: 2019614650774831769

455 Borgoz the Cutter (level 7, -3/57 HPs)
             Began as a Ghoul Monk on Apr 5, 2019.
             Slain by an ogre
             ... wielding a +0 giant club
              (18 damage)
             ... on level 4 of the Dungeon.
             The game lasted 00:07:13 (4056 turns).

Borgoz the Cutter (Ghoul Monk)                      Turns: 4056, Time: 00:07:14

Health: -3/57      AC: 18    Str: 15    XL:     7   Next: 5%
Magic:  6/6        EV:  1    Int:  6    God:
Gold:   116        SH:  0    Dex: 12    Spells: 6/6 levels left

rFire    . . .     SeeInvis +   a - +0 short sword
rCold    + . .     Gourm    .   (no shield)
rNeg     + + +     Faith    .   x - +0 crystal plate armour
rPois    ∞         Spirit   .   f - +0 helmet
rElec    .         Reflect  .   (no cloak)
rCorr    .         Harm     .   j - +0 pair of gloves
MR       .....                  (no boots)
Stlth    ..........             (no amulet)
HPRegen  0.00/turn              d - ring of see invisible
MPRegen  0.10/turn              (no ring)

@: rotting
A: rotting body, claws 1, carnivore, cold resistance 1, negative energy
resistance 3, inhibited regeneration, torment resistance, unbreathing
a: no special abilities


You were on level 4 of the Dungeon.
You were not hungry.

You visited 1 branch of the dungeon, and saw 5 of its levels.

You collected 116 gold pieces.

Inventory:

Hand Weapons
 a - a +0 short sword (weapon)
 i - a +0 rapier
Armour
 b - a +0 robe
 f - a +0 helmet (worn)
 j - a +0 pair of gloves (worn)
 x - a +0 crystal plate armour (worn)
Jewellery
 d - a ring of see invisible (left hand)
Wands
 s - a wand of iceblast (9)
Scrolls
 g - 4 scrolls of remove curse
 k - a scroll of blinking {unknown}
 l - a scroll of random uselessness {unknown}
 m - 4 scrolls of fog
 n - a scroll of teleportation {unknown}
 o - 3 scrolls of enchant armour {unknown}
 p - a scroll of immolation {unknown}
 r - 3 scrolls of amnesia {unknown}
 t - a scroll of magic mapping {unknown}
Potions
 u - a potion of mutation
 v - a potion of lignification
Comestibles
 c - 10 rations


   Skills:
 - Level 3.5 Fighting
 * Level 4.8 Short Blades
 * Level 3.5 Armour
 * Level 4.0 Dodging
 - Level 2.2 Stealth


You had 6 spell levels left.
You didn't know any spells.
Your spell library was empty.

Dungeon Overview and Level Annotations

Branches:
Dungeon (5/15)
 Temple: D:4-7

Altars:
Cheibriados
Kikubaaqudgha
Makhleb
Trog

Annotations:
D:5 Prince Ribbit


Innate Abilities, Weirdness & Mutations

Your body is rotting away.
You thrive on raw meat.
You are immune to poison.
You have sharp fingernails.
You are carnivorous and can eat meat at any time.
Your flesh is cold resistant. (rC+)
You are immune to negative energy. (rN+++)
You do not regenerate when monsters are visible.
You are immune to unholy pain and torment.
You can survive without breathing.


Message History

You don't have any such object.
Evoke which item? (* to show all) (? for menu, Esc to quit)
You don't have any such object.
Evoke which item? (* to show all) (? for menu, Esc to quit)
Okay, then.
Evoke which item? (* to show all) (? for menu, Esc to quit)
Okay, then.
As you read the scroll of identify, it crumbles to dust.
m - 4 scrolls of fog The ogre hits you with a +0 giant club.
* * * LOW HITPOINT WARNING * * *
All of the chunks of flesh in your inventory have rotted away.
You feel better.
You hit the ogre.
The ogre is moderately wounded.
The ogre hits you but does no damage.
You hit the ogre.
The ogre is moderately wounded.
The ogre hits you with a +0 giant club!!
You die...

# #.......##.#.# #
#####.♣...♣.##.#.# #
#...#.......##.#.# #
#...#.♣)..♣.##.#.# #
#...#.......##.#.# ##
#######...####'#####.#.#
.######......#'## #..[.....#.#
.....##......#.#############)#
####.##......#..@O.......)..)# #
#.##......####################
####.............................
...####......####################
..............#
(.....############### #"....#
#....# #<....# #<...# ####'##
#....#


You could see an ogre.

Vanquished Creatures
  Duvessa (D:4)
  Blork the orc (D:4)
  Dowan (D:4)
  An orc wizard (D:4)
  An iguana (D:5)
  7 gnolls
  2 adders (D:2)
  An ooze (D:3)
  A worm (D:4)
  2 dart slugs
  2 leopard geckos
  12 orcs
  4 giant cockroaches
  3 goblins (D:2)
  6 hobgoblins
  7 jackals
  A quokka (D:2)
  4 bats
  4 kobolds
  4 rats
65 creatures vanquished.

Notes
Turn   | Place    | Note
-------+----------+-------------------------------------------
     0 | D:1      | Borgoz the Ghoul Monk began the quest for the Orb.
     0 | D:1      | Reached XP level 1. HP: 19/19 MP: 0/0
   242 | D:1      | Reached XP level 2. HP: 26/26 MP: 1/1
   923 | D:2      | Reached XP level 3. HP: 24/31 MP: 2/2
  1136 | D:2      | Reached skill level 1 in Armour
  1724 | D:4      | Found a snail-covered altar of Cheibriados.
  1814 | D:4      | Reached XP level 4. HP: 32/38 MP: 3/3
  2085 | D:3      | Found a bloodstained altar of Trog.
  2118 | D:3      | Found a burning altar of Makhleb.
  2120 | D:3      | Noticed a blizzard demon
  2124 | D:3      | Noticed a smoke demon
  2124 | D:3      | Noticed a hellwing
  2155 | D:3      | Found an ancient bone altar of Kikubaaqudgha.
  2578 | D:4      | Noticed Blork the orc
  2605 | D:4      | Killed Blork the orc
  2605 | D:4      | Reached XP level 5. HP: 26/45 MP: 4/4
  3227 | D:5      | Entered Level 5 of the Dungeon
  3249 | D:5      | Reached XP level 6. HP: 17/51 MP: 5/5
  3281 | D:5      | Noticed Dowan
  3283 | D:5      | Noticed Duvessa
  3287 | D:5      | Noticed Prince Ribbit
  3292 | D:5      | Noticed a sky beast
  3327 | D:4      | Killed Duvessa
  3336 | D:4      | Killed Dowan
  3701 | D:4      | Reached XP level 7. HP: 28/57 MP: 6/6
  4056 | D:4      | Slain by an ogre

Skill      XL: |  1  2  3  4  5  6 |
---------------+-------------------+-----
Short Blades   | 3 4 |  4.8
Dodging        | 3 4 |  4.0
Armour         | 1 2 3 |  3.5
Fighting       | |  3.5
Stealth        | |  2.2

Action                   |  1- 3 |  4- 6 |  7- 9 || total
-------------------------+-------+-------+-------++-------
Melee: Short sword       |   125 |   282 |    27 ||   434
  Use: Potion            |     1 |     5 |     1 ||     7
       Scroll            |       |     6 |     1 ||     7
 Stab: Sleeping          |     5 |       |       ||     5
  Eat: Chunk             |     4 |     8 |     1 ||    13
Armor: Robe              |    23 |    32 |       ||    55
       Crystal plate arm |       |   159 |    21 ||   180
Dodge: Dodged            |    65 |    78 |       ||   143
